 Dungeon Crawl Stone Soup version 0.23.1 (webtiles) character file.

Game seed: 13866611748744707050

200 Freyura the Skirmisher (level 5, -4/33 HPs)
             Began as a Gargoyle Fighter on Mar 2, 2019.
             Shot with an arrow by a centaur (8 damage)
             ... on level 3 of the Dungeon.
             The game lasted 00:07:44 (1652 turns).

Freyura the Skirmisher (Gargoyle Fighter)           Turns: 1652, Time: 00:07:44

Health: -4/33      AC: 11    Str: 20    XL:     5   Next: 79%
Magic:  5/5        EV:  7    Int:  8    God:
Gold:   86         SH:  9    Dex: 10    Spells: 4/4 levels left

rFire    . . .     SeeInvis .   a - +0 flail
rCold    . . .     Gourm    .   c - +0 shield
rNeg     + . .     Faith    .   b - +0 scale mail
rPois    ∞         Spirit   .   (no helmet)
rElec    +         Reflect  .   k - scarf {cloud immunity}
rCorr    .         Harm     .   (no gloves)
MR       .....     Clarity  +   (no boots)
Stlth    ..........             (no amulet)
HPRegen  0.11/turn              (no ring)
MPRegen  0.09/turn              (no ring)

@: no status effects
A: clarity, negative energy resistance 1, electricity resistance, unbreathing,
petrification resistance, rot immunity, AC +4
a: no special abilities


You were on level 3 of the Dungeon.
You were not hungry.

You visited 1 branch of the dungeon, and saw 3 of its levels.

You collected 86 gold pieces.

Inventory:

Hand Weapons
 a - a +0 flail (weapon)
Armour
 b - a +0 scale mail (worn)
 c - a +0 shield (worn)
 k - a scarf of cloud immunity (worn)
Jewellery
 g - an uncursed ring of protection from magic {unknown}
Scrolls
 d - 2 scrolls of identify {unknown}
 i - 2 scrolls of enchant armour {unknown}
 j - a scroll of enchant weapon {unknown}
 l - a scroll of teleportation {unknown}
 n - a scroll of blinking {unknown}
Potions
 e - a potion of flight
 h - a potion of lignification {unknown}
 m - 3 potions of curing {unknown}
Comestibles
 f - 2 rations


   Skills:
 + Level 4.2 Fighting
 * Level 3.9 Maces & Flails
 + Level 4.2 Armour
 + Level 4.2 Shields


You had 4 spell levels left.
You didn't know any spells.
Your spell library was empty.

Dungeon Overview and Level Annotations

Branches:
Dungeon (3/15)

Altars:
Dithmenos


Innate Abilities, Weirdness & Mutations

You are resistant to torment.
Your stone body is resilient. (AC +4)
You are immune to poison.
You resist negative energy. (rN+)
You are resistant to electric shocks. (rElec)
You can survive without breathing.
You are immune to petrification.
You are immune to rotting.
You possess an exceptional clarity of mind.


Message History

The centaur shoots an arrow.
The arrow hits you. The gnoll hits you but does no damage.
The centaur shoots an arrow.
The arrow closely misses you.
The centaur shoots an arrow.
The arrow barely misses you. The gnoll hits you with a +0 halberd!
The gnoll hits you from afar with a +0 halberd.
Things that are here:
an arrow; a gnoll corpse You hit the gnoll.
The gnoll is moderately wounded.
The centaur shoots an arrow.
The arrow hits you. You block the gnoll's attack.
The gnoll hits you from afar with a +0 halberd!
* * * LOW HITPOINT WARNING * * *
You thump the gnoll!
You kill the gnoll!
The centaur shoots an arrow.
You block the arrow. The gnoll barely misses you.
A gnoll comes into view. It is wielding a +0 flail.
The centaur shoots an arrow.
The arrow barely misses you.
The centaur shoots an arrow.
The arrow hits you!
You die...

#.# .'≈
+...## ##
#.##c#
####.###.
#.#..#
##†..#
#.(.######
#####
##........
#(#.##..#
#(#.# #
#(# . #@#
## #g# #.g
####


You could see a centaur and 2 gnolls.

Vanquished Creatures
  An orc wizard (D:3)
  8 gnolls
  An adder (D:2)
  2 oozes (D:1)
  2 worms
  3 dart slugs
  5 leopard geckos
  3 orcs (D:3)
  2 bats
  6 giant cockroaches
  6 goblins
  3 hobgoblins
  2 jackals (D:3)
  A quokka (D:3)
  3 frilled lizards
  5 kobolds
  10 rats
63 creatures vanquished.

Notes
Turn   | Place    | Note
-------+----------+-------------------------------------------
     0 | D:1      | Freyura the Gargoyle Fighter began the quest for the Orb.
     0 | D:1      | Reached XP level 1. HP: 14/14 MP: 1/1
   122 | D:1      | Reached XP level 2. HP: 11/19 MP: 2/2
   838 | D:2      | Reached XP level 3. HP: 20/23 MP: 3/3
   881 | D:2      | Reached XP level 4. HP: 18/29 MP: 4/4
   922 | D:2      | Found a shadowy altar of Dithmenos.
  1392 | D:3      | Gained mutation: You have sharp toenails. [potion of
                  | mutation]
  1392 | D:3      | Lost mutation: You have sharp toenails. [potion of
                  | mutation]
  1392 | D:3      | Gained mutation: You possess an exceptional clarity of
                  | mind. [potion of mutation]
  1403 | D:3      | Reached XP level 5. HP: 15/33 MP: 5/5
  1642 | D:3      | Noticed a centaur
  1652 | D:3      | Shot with an arrow by a centaur

Skill      XL: |  1  2  3  4 |
---------------+-------------+-----
Maces & Flails | 3 |  3.9
Fighting       | 4 |  4.2
Armour         | 4 |  4.2
Shields        | 4 |  4.2

Action                   |  1- 3 |  4- 6 || total
-------------------------+-------+-------++-------
Melee: Flail             |    70 |   151 ||   221
  Use: Potion            |     1 |     3 ||     4
  Eat: Ration            |       |     2 ||     2
Armor: Scale mail        |    40 |    91 ||   131
Dodge: Dodged            |    18 |    53 ||    71
Block: Shield            |    43 |   104 ||   147
